 Dungeon Crawl Stone Soup version 0.28-a0-533-g9f97627e2a (webtiles) character file.

Game seed: 17896551200768525049

34062 omnomnOMINOUS the Nimble (level 13, -13/95 HPs)
             Began as an Octopode Wanderer on Sept 25, 2021.
             Was an Initiate of Gozag.
             Mangled by a death yak (27 damage)
             ... on level 3 of the Lair of Beasts.
             The game lasted 00:59:48 (17021 turns).

omnomnOMINOUS the Nimble (Octopode Wanderer)       Turns: 17021, Time: 00:59:52

Health: -13/95     AC:  1    Str: 16    XL:     13   Next: 75%
Magic:  0/28       EV: 18    Int: 19    God:    Gozag
Gold:   370        SH:  5    Dex: 14    Spells: 6/20 levels left

rFire   . . .      SeeInvis .   a - +7 captain's cutlass {speed, disarm}
rCold   . . .      Faith    .   f - +0 buckler
rNeg    . . .      Spirit   +   (helmet restricted)
rPois   +          Reflect  .   A - amulet of Huuwyd {Spirit rPois Will+ Str+7 Stlth+}
rElec   .          Harm     .   d - ring of willpower
rCorr   .          Rampage  .   t - ring of magical power
Will    ++...                   B - +4 ring of slaying
Stlth   +++++.....              (no ring)
HPRegen 0.25/turn               (no ring)
MPRegen 0.21/turn               (no ring)
                                (no ring)
                                (no ring)

@: no status effects
A: almost no armour, amphibious, 8 rings, camouflage 1, gelatinous body 1,
(nimble swimmer 1), tentacles
a: Renounce Religion, Potion Petition, Call Merchant, Bribe Branch


You were on level 3 of the Lair of Beasts.
You worshipped Gozag.
Gozag was aware of your devotion.
You visited 2 branches of the dungeon, and saw 12 of its levels.

You collected 2629 gold pieces.
You spent 2259 gold pieces at shops.

Inventory:

Hand Weapons
 a - the +7 captain's cutlass (weapon) {speed, disarm}
   (You bought it in a shop on level 2 of the Dungeon)

   Attacks with this weapon are significantly faster.
   It may disarm weapon-wielding foes when striking them, dealing extra damage
   in the process.
 b - a +3 dagger of venom
 s - a +2 hand axe of freezing
 I - a +0 whip of holy wrath
 O - a +2 vorpal flail
Missiles
 y - 8 curare-tipped darts
 K - 5 throwing nets (quivered)
Armour
 f - a +0 buckler (worn)
 C - a +2 kite shield
Magical Staves
 P - a staff of death
Jewellery
 d - a ring of willpower (left tentacle)
 t - a ring of magical power (right tentacle)
 z - an amulet of reflection
 A - the amulet of Huuwyd (around mantle) {Spirit rPois Will+ Str+7 Stlth+}
   (You bought it in a shop on level 2 of the Dungeon)

   [amulet of guardian spirit]

   It causes incoming damage to be divided between your reserves of health and
   magic.
   Str:       It affects your strength (+7).
   rPois:     It protects you from poison.
   Will:      It increases your willpower.
   Stlth:     It makes you more stealthy.
 B - a +4 ring of slaying (on tentacle)
Wands
 v - a wand of acid (8)
 D - a wand of iceblast (2)
 M - a wand of paralysis (4)
Scrolls
 c - 4 scrolls of immolation
 e - 4 scrolls of summoning
 h - 3 scrolls of enchant armour
 i - 7 scrolls of magic mapping
 j - a scroll of identify
 m - a scroll of enchant weapon
 n - 2 scrolls of fog
 u - 2 scrolls of amnesia {unknown}
 w - 3 scrolls of teleportation {unknown}
 x - a scroll of blinking {unknown}
 E - a scroll of noise {unknown}
 J - a scroll of torment {unknown}
 N - a scroll of holy word {unknown}
Potions
 g - 2 potions of flight
 o - a potion of mutation
 r - a potion of curing
 G - a potion of lignification {unknown}
 H - a potion of magic {unknown}
 L - a potion of brilliance


   Skills:
 + Level 11.4 Fighting
 + Level 8.4 Short Blades
 - Level 3.0 Polearms
 + Level 11.6 Dodging
 - Level 4.0 Stealth
 - Level 4.0 Shields
 - Level 4.0 Spellcasting
 - Level 8.0 Summonings
 - Level 2.0 Transmutations
 + Level 2.0 Ice Magic
 + Level 7.6 Earth Magic


You had 6 spell levels left.
You knew the following spells:

 Your Spells              Type           Power      Damage    Failure   Level
a - Passwall              Tmut/Erth      18%        N/A       3%          2
b - Call Canine Familiar  Summ           34%        N/A       1%          3
c - Summon Ice Beast      Ice/Summ       22%        N/A       17%         4
d - Borgnjor's Vile Clut  Necr/Erth      9%         N/A       63%         5

Your spell library contained the following spells:

 Spells                   Type           Power      Damage    Failure   Level
 Summon Small Mammal      Summ           100%       N/A       1%          1
 Freeze                   Ice            44%        1d6       6%          1
 Summon Guardian Golem    Hex/Summ       19%        N/A       8%          3
 Frozen Ramparts          Ice            22%        1d4       17%         3
 Slow                     Hex            3%         N/A       21%         2
 Leda's Liquefaction      Hex/Erth       9%         N/A       28%         4
 Portal Projectile        Hex/Tloc       6%         N/A       38%         3
 Swiftness                Air            3%         N/A       38%         3
 Summon Mana Viper        Hex/Summ       19%        N/A       58%         5
 Hailstorm                Conj/Ice       7%         3d4       65%         4
 Animate Dead             Necr           1%         N/A       80%         4
 Fireball                 Conj/Fire      1%         3d3       98%         5
 Iskenderun's Battlesphe  Conj           3%         2d6       98%         5
 Conjure Ball Lightning   Conj/Air       1%         3x3d6     100%        6
 Death Channel            Necr           1%         N/A       100%        6
 Invisibility             Hex            1%         N/A       100%        6
 Monstrous Menagerie      Summ           17%        N/A       99%         7
 Orb of Destruction       Conj           1%         N/A       100%        7


Dungeon Overview and Level Annotations

Branches:
Dungeon (9/15)             Temple (0/1) D:6            Lair (3/6) D:8
  Swamp (0/4) Lair:3       Spider (0/4) Lair:3
    Orc: D:9-12

Altars:
Elyvilon
Gozag
Hepliaklqana
Makhleb
Okawaru
Qazlal
Ru
Trog
Wu Jian
Yredelemnul
Jiyva

Shops:
D:1 [   D:2 (==**   D:5 *

Annotations:
D:7 exclusions: acid dragon, cyclops and orc wizard
D:8 3 runed translucent doors, Gastronok; oldriver's ghost, novice GrFi
D:9 3 runed translucent doors, Grum; heikuro's ghost, novice MiFi
Lair:1 exclusion: hydra
Lair:3 3 runed translucent doors, exclusions: 4 death yaks and hydra, Esoa's ghost, journeyman DsMo


Innate Abilities, Weirdness & Mutations

You cannot wear most types of armour.
You are amphibious.
You can wear up to eight rings at the same time.
Your skin changes colour to match your surroundings (Stealth+).
Your rubbery body absorbs attacks. (AC +1, EV +1)
((You are camouflaged near water. (Stealth+)))
You have tentacles for arms and can constrict up to eight enemies at once.


Message History

Casting: Passwall (safe; 3% risk of failure)
Confirm with . or Enter, or press ? or * to list all spells.
Aiming: Passwall (safe; 3% risk of failure)
Press: ? - help, Dir - move target You can't see that place.
Okay, then.
Unknown command.
As you read the scroll of fear, it crumbles to dust.
You assume a fearsome visage.
The death yak resists with some effort.
The death yak easily resists.
The death yak resists with some effort.
The death yak easily resists.
The death yak misses you.
As you read the scroll of summoning, it crumbles to dust.
Wisps of shadow whirl around you...
The death yak misses your water moccasin.
Unknown command.
It was a potion of cancellation.
Your magical effects are unravelling.
You feel magically purged.
You feel a little less clever now.
Your wolf bites the death yak!
Your water moccasin bites the death yak but does no damage.
The death yak gores your wolf.
The death yak gores your water moccasin!
It was a potion of experience.
You feel more experienced!
Your Short Blades skill gained 6 levels and is now at level 8!
You have reached level 13!
Your wolf bites the death yak but does no damage.
Your water moccasin bites the death yak but does no damage.
The death yak gores you!
* * * LOW HITPOINT WARNING * * *
Your wolf bites the death yak.
The death yak barely misses your wolf.
The death yak gores your water moccasin!
You feel better.
Your water moccasin bites the death yak.
The death yak is poisoned.
Your water moccasin poisons the death yak!
Your wolf bites the death yak.
The death yak gores you!!
You die...
Your body crumbles into a pile of gold.

.....#./.#W.S+..### #.
##...#.!.....+..#.# #.
##...#.|.#$..+.#..# ##
###..#.(#.#..#.#### ... #
#..#.......#.# ..YY #
#..#########.## #.#.. #
#.............# .#..Y
###..#.##..##P########## #..##
.#...###########@##.##P######..#.
#...#..# ##Yhhh......##...#
.....#.## #YS##..#P.<[...#
........# #Y######..##..##
.#.....##########Y# #.##...#
....P..##.#.##.##.# ####...##
##.....##.......#.# #....#
#....###.###..##.# ##..P#
#........# #.[##.##########).##


You could see 4 death yaks, a friendly water moccasin (summoned) and 3 friendly
wolves.

Vanquished Creatures
  Harold (D:8)
  A hydra (Lair:3)
  A two-headed ogre (D:8)
  A black mamba (Lair:1)
  Maurice (D:8)
  3 cane toads
  A rime drake (Lair:2)
  5 komodo dragons
  A jumping spider (Lair:3)
  A polar bear (Lair:3)
  12 blink frogs
  Grinder (D:6)
  6 dream sheep (Lair:2)
  21 yaks
  2 redbacks (Lair:3)
  A steam dragon (D:6)
  5 basilisks (Lair:3)
  Edmund (D:4)
  9 water moccasins
  A sky beast (D:7)
  2 orc warriors (D:8)
  A black bear (Lair:2)
  A hornet zombie (D:7)
  An ice beast (D:7)
  2 necrophages
  3 ogres
  6 wolves (Lair:2)
  2 phantoms
  2 kobold brigands
  7 bullfrogs
  A gnoll sergeant (D:6)
  A water moccasin skeleton (D:7)
  6 killer bees
  4 wights (D:7)
  A jelly (D:7)
  A gnoll shaman (D:7)
  2 centaur skeletons
  A centaur zombie (D:8)
  4 orc priests
  Jessica (D:2)
  3 iguanas
  4 orc wizards
  2 killer bee zombies
  5 gnolls
  4 adders
  A shadow imp (D:6)
  2 white imps
  A worm (D:4)
  2 dart slugs
  6 orcs
  10 endoplasms
  10 goblins
  10 hobgoblins
  3 jackals
  4 quokkas
  6 ball pythons
  5 bats
  4 frilled lizards
  12 kobolds
  4 rats
  A butterfly (Lair:1)
223 creatures vanquished.

Vanquished Creatures (collateral kills)
  A hydra (Lair:1)
  A dream sheep (Lair:2)
  3 blink frogs
  A redback (Lair:3)
  5 yaks (Lair:2)
  2 water moccasins
  An ogre (D:4)
  A bullfrog (Lair:3)
  A scorpion (D:7)
  A gnoll shaman (D:4)
  2 gnolls (D:4)
  A shadow imp (D:7)
  2 kobolds (D:7)
22 creatures vanquished.

Vanquished Creatures (others)
  21 fungi
  36 plants
57 creatures vanquished.

Grand Total: 302 creatures vanquished

Notes
Turn   | Place    | Note
-------+----------+-------------------------------------------
     0 | D:1      | omnomnOMINOUS the Octopode Wanderer began the quest for the
                  | Orb.
     0 | D:1      | omnomnOMINOUS set off with the following items: a +2
                  | dagger, a potion of heal wounds, a +0 falchion, a potion of
                  | curing
     0 | D:1      | Reached XP level 1. HP: 11/11 MP: 3/3
    57 | D:1      | Found Peikhi's Armour Boutique.
   313 | D:1      | Reached skill level 1 in Fighting
   313 | D:1      | Reached XP level 2. HP: 18/18 MP: 5/5
   328 | D:1      | Learned a level 2 spell: Passwall
   526 | D:1      | Found a faded altar of an unknown god.
   529 | D:1      | Became a worshipper of Gozag Ym Sagoz the Greedy
  1013 | D:1      | Reached XP level 3. HP: 22/23 MP: 6/6
  1292 | D:2      | Found Ibbeangilla's Jewellery Boutique.
  1295 | D:2      | Found Par Beor's Jewellery Emporium.
  1540 | D:2      | Found Qiro's Antique Weapon Shop.
  1602 | D:2      | HP: 1/23 [endoplasm (2)]
  2105 | D:2      | Reached skill level 1 in Earth Magic
  2284 | D:2      | Noticed Jessica
  2296 | D:2      | Reached skill level 1 in Transmutations
  2302 | D:2      | Killed Jessica
  2303 | D:2      | Reached skill level 1 in Shields
  2303 | D:2      | Reached XP level 4. HP: 20/29 MP: 7/7
  2312 | D:2      | Got Jessica's Incunabulum of Execration
  2557 | D:2      | Found Icayc's Assorted Antiques.
  2580 | D:2      | Found Xudirac's General Store.
  2710 | D:3      | Found a basalt altar of Yredelemnul.
  2864 | D:3      | Learned a level 3 spell: Call Canine Familiar
  3058 | D:3      | You fall into a shaft and drop 1 floor!
  3120 | D:4      | Reached XP level 5. HP: 34/34 MP: 8/8
  3434 | D:4      | Noticed an ogre
  3445 | D:4      | Reached XP level 6. HP: 41/41 MP: 9/9
  3896 | D:4      | Noticed a water moccasin
  3903 | D:4      | Killed a water moccasin
  3904 | D:4      | Reached XP level 7. HP: 35/46 MP: 10/10
  4061 | D:4      | Noticed Edmund
  4070 | D:4      | Killed Edmund
  5100 | D:4      | Found a hazy altar of Hepliaklqana.
  5182 | D:5      | Entered Level 5 of the Dungeon
  5192 | D:5      | Reached XP level 8. HP: 54/54 MP: 11/11
  5290 | D:5      | Found Fehyagob's Serpentskin Sales.
  5299 | D:5      | Bought 5 curare-tipped darts for 30 gold pieces
  5379 | D:5      | Found a large runed translucent door.
  5380 | D:5      | Found a large runed translucent door.
  5621 | D:5      | Reached skill level 5 in Dodging
  5857 | D:2      | Bought the amulet of Huuwyd {Spirit rPois Will+ Str+7
                  | Stlth+} for 771 gold pieces
  5963 | D:5      | Found a white marble altar of Elyvilon.
  6127 | D:5      | Found a burning altar of Makhleb.
  6145 | D:5      | Found an ornate altar of the Wu Jian Council.
  6421 | D:6      | Found a staircase to the Ecumenical Temple.
  6456 | D:6      | Reached skill level 5 in Fighting
  6536 | D:6      | Noticed Grinder
  6543 | D:6      | Killed Grinder
  6544 | D:6      | Reached skill level 5 in Summonings
  6548 | D:6      | Reached XP level 9. HP: 61/61 MP: 12/12
  6834 | D:6      | Identified the +1 scale mail "Rullusma" {Str-4 Dex+5}
  7023 | D:7      | Found a stormy altar of Qazlal.
  7179 | D:7      | Noticed a cyclops
  7202 | D:7      | Found a sacrificial altar of Ru.
  8079 | D:7      | Found a bloodstained altar of Trog.
  8194 | D:8      | Noticed a two-headed ogre
  8226 | D:8      | Killed a two-headed ogre
  8227 | D:8      | Reached XP level 10. HP: 26/71 MP: 11/13
  8442 | D:8      | Noticed Maurice
  8487 | D:8      | Killed Maurice
  8669 | D:8      | Upgraded the game from 0.28-a0-529-g3bad584f25 to
                  | 0.28-a0-533-g9f97627e2a
  8773 | D:8      | Noticed Gastronok
  8805 | D:8      | Found a staircase to the Lair.
  8993 | D:8      | Noticed Harold
  9026 | D:8      | Killed Harold
  9351 | D:7      | Found an iron altar of Okawaru.
  9508 | D:8      | Found a runed translucent gate.
  9509 | D:8      | Found a runed translucent gate.
  9510 | D:8      | Found a runed translucent gate.
  9512 | D:8      | Found a viscous altar of Jiyva.
  9512 | D:8      | Noticed oldriver's ghost (novice GrFi)
  9741 | D:9      | Noticed a two-headed ogre
  9793 | D:9      | Found a runed translucent gate.
  9796 | D:9      | Found a runed translucent gate.
  9796 | D:9      | Found an opulent altar of Gozag.
  9797 | D:9      | Found a runed translucent gate.
  9802 | D:9      | Noticed heikuro's ghost (novice MiFi)
  9850 | D:9      | Noticed Grum
  9999 | Lair:1   | Entered Level 1 of the Lair of Beasts
 10314 | Lair:1   | Learned a level 5 spell: Borgnjor's Vile Clutch
 10713 | Lair:1   | Noticed a black mamba
 10730 | Lair:1   | Killed a black mamba
 10731 | Lair:1   | Reached XP level 11. HP: 45/80 MP: 9/14
 11001 | Lair:1   | Noticed a four-headed hydra
 11697 | Lair:1   | Noticed a seven-headed hydra
 11709 | Lair:1   | Killed a seven-headed hydra
 11710 | Lair:1   | Reached skill level 10 in Dodging
 11832 | Lair:2   | Reached skill level 5 in Earth Magic
 11835 | Lair:2   | Reached skill level 10 in Fighting
 13182 | Lair:2   | Reached XP level 12. HP: 26/89 MP: 7/15
 14505 | D:2      | Bought the +7 captain's cutlass {speed, disarm} for 1458
                  | gold pieces
 14505 | D:2      | Found the +7 captain's cutlass {speed, disarm}
 15128 | Lair:2   | Reached skill level 1 in Short Blades
 15279 | Lair:3   | Noticed a seven-headed hydra
 15279 | Lair:3   | Found a staircase to the Swamp.
 15356 | Lair:3   | Learned a level 4 spell: Summon Ice Beast
 15478 | Lair:3   | Killed a seven-headed hydra
 15625 | Lair:3   | Reached skill level 1 in Ice Magic
 16043 | Lair:3   | Noticed Esoa's ghost (journeyman DsMo)
 16056 | Lair:3   | Noticed a boulder beetle
 16100 | Lair:3   | Noticed a five-headed hydra
 16109 | Lair:3   | Found a runed translucent gate.
 16111 | Lair:3   | Found a runed translucent gate.
 16112 | Lair:3   | Found a runed translucent gate.
 16189 | Lair:3   | Noticed a death yak
 16268 | Lair:3   | Noticed a death yak
 16364 | Lair:3   | Found a hole to the Spider Nest.
 16957 | Lair:3   | Noticed a death yak
 16957 | Lair:3   | Noticed a death yak
 16960 | Lair:3   | Noticed a death yak
 17020 | Lair:3   | Reached XP level 13. HP: 11/95 MP: 4/19
 17020 | Lair:3   | HP: 3/95 [death yak (8)]
 17021 | Lair:3   | Mangled by a death yak

Illustrated notes

Levels and vault maps discovered:
D:1:      tarquinn_simple_flora_water_c, layout_basic, basic_ecumenical_altar,
          serial_forest, infiniplex_forest_3_way,
          infiniplex_forest_clump_double, infiniplex_forest_lined_3_way,
          infiniplex_forest_corner_1, infiniplex_forest_corner_1,
          infiniplex_forest_end_double, infiniplex_forest_lined_2,
          infiniplex_forest_clump_diagonal, serial_shops,
          nicolae_shop_window_shopping, minmay_tromino_v2
D:2:      layout_basic, serial_shops, shop, nicolae_lakefront_shop, shop,
          nicolae_square_shop, shop, st_stairs_5, kennysheep_jessica_study
D:3:      layout_basic, mainiacjoe_overflow_alcove_1
D:4:      layout_loops_cross, mainiacjoe_overflow_alcove_2,
          nicolae_underground_beach, uniq_edmund
D:5:      layout_cave_pools, jmf_multi_god_temple2, old_standard_altar,
          guppyfry_shop_venom
D:6:      layout_loops_ring, minmay_temple_entry_statues_pillars,
          hangedman_abyss_or_decor_jellyfish_corner, uniq_grinder
D:7:      minmay_the_grid_octo_2x2 [minmay_the_grid_octo_tetromino_candy,
          minmay_the_grid_octo_toaster, minmay_the_grid_octo_chip,
          minmay_the_grid_octo_prize_big_c], layout_rooms, grunt_qazlal_clouds,
          mainiacjoe_overflow_surrounded_room, nicolae_overflow_hidden_temple,
          grunt_decor_mini_mirrors, minmay_misc_feat_square
D:8:      layout_loops_ring, lair_entry_dummy, gammafunk_ghost_ooze,
          uniq_harold, uniq_gastronok, uniq_maurice
D:9:      layout_rooms, kennysheep_mini, ebering_ghost_gozag, uniq_erica,
          uniq_grum, uniq_pikel
Lair:1:   layout_gridlike, lemuel_fruit_fields
Lair:2:   layout_concentric_octagons, beast_lair_carwin_7
Lair:3:   layout_loops_ring, swamp_mist, spider_nest_entry_a,
          gammafunk_ghost_split

Skill      XL: |  1  2  3  4  5  6  7  8  9 10 11 12 |
---------------+-------------------------------------+-----
Fighting       | 1 2 3 5 7 9 10 11 | 11.4
Dodging        | 2 3 4 5 7 9 10 11 | 11.6
Earth Magic    | 1 2 3 6 7 |  7.6
Transmutations | 1 2 |  2.0
Shields        | 1 2 3 4 |  4.0
Summonings     | 2 3 5 7 8 |  8.0
Spellcasting   | 4 |  4.0
Short Blades   | 8 |  8.4
Ice Magic      | 2 |  2.0
Polearms       | |  3.0
Stealth        | |  4.0

Action                   |  1- 3 |  4- 6 |  7- 9 | 10-12 | 13-15 || total
-------------------------+-------+-------+-------+-------+-------++-------
Melee: Dagger            |    83 |    49 |   176 |   260 |       ||   568
       Constrict         |    16 |    11 |    42 |    67 |       ||   136
       Tentacles         |    16 |     5 |    49 |    98 |       ||   168
       Hand axe          |       |     5 |       |     7 |       ||    12
       Flail             |       |       |    11 |     4 |       ||    15
       Cutlass           |       |       |       |   104 |       ||   104
Throw: Throwing net      |       |       |       |     2 |       ||     2
       Dart              |       |       |       |     5 |       ||     5
 Cast: Call Canine Famil |       |     1 |    15 |    64 |       ||    80
       Summon Ice Beast  |       |       |       |     9 |       ||     9
       Passwall          |       |       |       |     3 |       ||     3
Evoke: Wand              |       |       |       |     6 |       ||     6
  Use: Potion            |       |     2 |       |    10 |     1 ||    13
       Scroll            |       |       |       |    16 |       ||    16
 Stab: Sleeping          |    14 |    11 |    13 |     6 |       ||    44
       Distracted        |       |       |     4 |     4 |       ||     8
       Paralysed         |       |       |       |     6 |       ||     6
Armor: Skin              |     2 |     5 |     4 |     6 |       ||    17
Dodge: Dodged            |    41 |    47 |    95 |   200 |       ||   383
Block: Buckler           |       |       |    37 |    68 |       ||   105

Table legend: (Time is in decaauts)
 A = Elapsed time spent in this place.
 B = Non-inter-level travel time spent in this place.
 C = Inter-level travel time spent in this place.
 D = Time resting spent in this place.
 E = Time spent auto-exploring this place.
 F = Levels seen in this place.
 G = Mean time per level.
                   A        B        C        D        E       F      G
               +--------+--------+--------+--------+--------+-----+--------+
         Total |  17003 |  15915 |   1088 |   5093 |   7127 |  12 | 1416.9 |
       Dungeon |  10343 |   9586 |    757 |   2146 |   5297 |   9 | 1149.2 |
          Lair |   6660 |   6329 |    331 |   2947 |   1830 |   3 | 2220.0 |
               +--------+--------+--------+--------+--------+-----+--------+

Top non-repeatable levels by time:
  Lair:2: 2896 daAuts
  Lair:1: 2304 daAuts
     D:4: 1886 daAuts
     D:8: 1528 daAuts
     D:2: 1509 daAuts
  Lair:3: 1459 daAuts
     D:7: 1459 daAuts
     D:1: 1282 daAuts
     D:5: 907 daAuts
     D:6: 860 daAuts
     D:3: 775 daAuts
     D:9: 133 daAuts
